| TOP OF THE 1ST |
|
Los Angeles Dodgers batting - Pitching for Atlanta Braves : LHP Randy Lerch
|
|
Pitching: LHP Randy Lerch
|
|
|
Batting: RHB Billy Sample
|
0-0: Foul Ball, location: 2F 0-1: Foul Ball, location: 2F 0-2: Ball 1-2: Ball 2-2: Strikes out looking
|
|
Batting: RHB Carney Lansford
|
0-0: Fly out, F1 (Line Drive, P, EV 75.0 MPH)
|
|
Batting: RHB Dick Davis
|
0-0: Called Strike 0-1: Ball 1-1: SOLO HOME RUN (Flyball, 7D, EV 95.0 MPH), Distance : 372 ft
|
|
Batting: RHB Jerry Keller
|
0-0: Ball 1-0: Fly out, F4 (Popup, 4D, EV 58.8 MPH)
|
| Top of the 1st over - 1 run, 1 hit, 0 errors, 0 left on base; Los Angeles 1 - Atlanta 0 |
| BOTTOM OF THE 1ST |
|
Atlanta Braves batting - Pitching for Los Angeles Dodgers : LHP Dave Righetti
|
|
Pitching: LHP Dave Righetti
|
|
|
Batting: RHB Gil Flores
|
0-0: Foul Ball, location: 2F 0-1: Ball 1-1: Foul Ball, location: 2F 1-2: Ball 2-2: Foul Ball, location: 2F 2-2: Foul Ball, location: 2F 2-2: Foul Ball, location: 2F 2-2: Ground out 6-3 (Groundball, 6, EV 79.4 MPH)
|
|
Batting: LHB Joe L Morgan
|
0-0: Called Strike 0-1: Foul Ball, location: 2F 0-2: Ball 1-2: Ball 2-2: Foul Ball, location: 2F 2-2: Ball 3-2: Ground out 5-3 (Groundball, 56S, EV 85.6 MPH)
|
|
Batting: SHB Tony Fernandez
|
0-0: Called Strike 0-1: Ball 1-1: Ball 2-1: Foul Ball, location: 2F 2-2: Foul Ball, location: 2F 2-2: Ball 3-2: Ground out 5-3 (Groundball, 56, EV 85.0 MPH)
|
| Bottom of the 1st over - 0 runs, 0 hits, 0 errors, 0 left on base; Los Angeles 1 - Atlanta 0 |
| TOP OF THE 2ND |
|
Los Angeles Dodgers batting - Pitching for Atlanta Braves : LHP Randy Lerch
|
|
Batting: RHB Barry Evans
|
0-0: Swinging Strike 0-1: Ground out 6-3 (Groundball, 56, EV 90.0 MPH)
|
|
Batting: LHB Darren Daulton
|
0-0: Foul Ball, location: 2F 0-1: Ball 1-1: SINGLE (Flyball, 5D, EV 93.8 MPH)
|
|
Batting: SHB Spike Owen
|
0-0: Called Strike 0-1: Ball 1-1: Swinging Strike 1-2: Strikes out swinging
|
|
Batting: RHB Roberto Reyes
|
0-0: Ball 1-0: Called Strike 1-1: Ball 2-1: Ball 3-1: Ground out 4-3 (Groundball, 4S, EV 93.1 MPH)
|
| Top of the 2nd over - 0 runs, 1 hit, 0 errors, 1 left on base; Los Angeles 1 - Atlanta 0 |
| BOTTOM OF THE 2ND |
|
Atlanta Braves batting - Pitching for Los Angeles Dodgers : LHP Dave Righetti
|
|
Batting: LHB Leon Durham
|
0-0: Called Strike 0-1: Ball 1-1: Called Strike 1-2: Foul Ball, location: 2F 1-2: Ground out 6-3 (Groundball, 6, EV 87.5 MPH)
|
|
Batting: LHB Mike Scioscia
|
0-0: Called Strike 0-1: Called Strike 0-2: Ball 1-2: Ball 2-2: Ball 3-2: Strikes out looking
|
|
Batting: RHB Craig Kusick
|
0-0: Called Strike 0-1: Ball 1-1: Foul Ball, location: 2F 1-2: Strikes out looking
|
| Bottom of the 2nd over - 0 runs, 0 hits, 0 errors, 0 left on base; Los Angeles 1 - Atlanta 0 |
| TOP OF THE 3RD |
|
Los Angeles Dodgers batting - Pitching for Atlanta Braves : LHP Randy Lerch
|
|
Batting: LHB Dave Righetti
|
0-0: Foul Ball, location: 2F 0-1: Called Strike 0-2: Foul Ball, location: 2F 0-2: Ball 1-2: Ground out U3 (Groundball, 34, EV 81.9 MPH)
|
|
Batting: RHB Billy Sample
|
0-0: Called Strike 0-1: Swinging Strike 0-2: Foul Ball, location: 2F 0-2: SINGLE (Groundball, 6MD, EV 103.8 MPH)
|
|
Batting: RHB Carney Lansford
|
0-0: Ball 1-0: Called Strike 1-1: Foul Ball, location: 2F 1-2: Foul Ball, location: 2F 1-2: Foul Ball, location: 2F 1-2: Ball 2-2: SINGLE (Groundball, 4M, EV 87.5 MPH) (infield hit) Billy Sample to second
|
|
Batting: RHB Dick Davis
|
0-0: Ball Billy Sample steals 3rd, throwing error, E2 Billy Sample scores Carney Lansford to third 1-0: Foul Ball, location: 2F 1-1: Ball 2-1: SINGLE (Line Drive, 34, EV 99.4 MPH) Carney Lansford scores
|
|
Batting: RHB Jerry Keller
|
0-0: Ball 1-0: Swinging Strike 1-1: Ball 2-1: Foul Ball, location: 2F 2-2: Strikes out swinging
|
|
Batting: RHB Barry Evans
|
0-0: Ball 1-0: Ball 2-0: Ball 3-0: Base on Balls Dick Davis to second
|
|
Batting: LHB Darren Daulton
|
0-0: Ball 1-0: Ball 2-0: Ball 3-0: Called Strike 3-1: SINGLE (Flyball, 5D, EV 93.8 MPH) Dick Davis to third Barry Evans to second Runner from 3rd tries for Home, throw by LF and OUT! 7-2
|
| Top of the 3rd over - 2 runs, 4 hits, 1 error, 2 left on base; Los Angeles 3 - Atlanta 0 |
| BOTTOM OF THE 3RD |
|
Atlanta Braves batting - Pitching for Los Angeles Dodgers : LHP Dave Righetti
|
|
Batting: LHB Matt Winters
|
0-0: Called Strike 0-1: Ground out 6-3 (Groundball, 6, EV 81.3 MPH)
|
|
Batting: RHB John Freitas
|
0-0: Called Strike 0-1: Ball 1-1: Ball 2-1: Foul Ball, location: 2F 2-2: Ground out 5-3 (Groundball, 56S, EV 90.0 MPH)
|
|
Batting: LHB Randy Lerch
|
0-0: Ball 1-0: Ball 2-0: Fly out, F6 (Popup, 6, EV 78.8 MPH)
|
| Bottom of the 3rd over - 0 runs, 0 hits, 0 errors, 0 left on base; Los Angeles 3 - Atlanta 0 |
| TOP OF THE 4TH |
|
Los Angeles Dodgers batting - Pitching for Atlanta Braves : LHP Randy Lerch
|
|
Batting: SHB Spike Owen
|
0-0: Fly out, F7 (Flyball, 7D, EV 91.3 MPH)
|
|
Batting: RHB Roberto Reyes
|
0-0: Called Strike 0-1: Fly out, F7 (Flyball, 7LM, EV 96.3 MPH)
|
|
Batting: LHB Dave Righetti
|
0-0: Ball 1-0: Foul Ball, location: 2F 1-1: Called Strike 1-2: Ball 2-2: Ground out U3 (Groundball, 3, EV 86.9 MPH)
|
| Top of the 4th over - 0 runs, 0 hits, 0 errors, 0 left on base; Los Angeles 3 - Atlanta 0 |
| BOTTOM OF THE 4TH |
|
Atlanta Braves batting - Pitching for Los Angeles Dodgers : LHP Dave Righetti
|
|
Batting: RHB Gil Flores
|
0-0: Ball 1-0: Ball 2-0: Ball 3-0: Base on Balls
|
|
Batting: LHB Joe L Morgan
|
0-0: Called Strike 0-1: Ball 1-1: Swinging Strike 1-2: Ball 2-2: Foul Ball, location: 2F 2-2: Foul Ball, location: 2F 2-2: Ball 3-2: Ground out 4-3 (Groundball, 13, EV 86.3 MPH) Gil Flores to second
|
|
Batting: SHB Tony Fernandez
|
0-0: Foul Ball, location: 2F 0-1: Called Strike 0-2: TRIPLE (Flyball, 9D, EV 93.8 MPH) Gil Flores scores
|
|
Batting: LHB Leon Durham
|
0-0: Swinging Strike 0-1: Ball 1-1: Called Strike 1-2: Ground out 4-3 (Groundball, 4, EV 88.8 MPH) Tony Fernandez scores
|
|
Batting: LHB Mike Scioscia
|
0-0: Called Strike 0-1: Fly out, F8 (Flyball, 8RM, EV 73.1 MPH)
|
| Bottom of the 4th over - 2 runs, 1 hit, 0 errors, 0 left on base; Los Angeles 3 - Atlanta 2 |
| TOP OF THE 5TH |
|
Los Angeles Dodgers batting - Pitching for Atlanta Braves : LHP Randy Lerch
|
|
Batting: RHB Billy Sample
|
0-0: Ball 1-0: Called Strike 1-1: DOUBLE (Line Drive, 3D, EV 100.6 MPH)
|
|
Batting: RHB Carney Lansford
|
0-0: Ball 1-0: SINGLE (Groundball, 56D, EV 102.5 MPH) Billy Sample to third Runner from 3rd tries for Home, SAFE, throw by LF to home
|
|
Batting: RHB Dick Davis
|
0-0: Called Strike 0-1: Called Strike 0-2: Ball 1-2: Ball 2-2: Foul Ball, location: 2F 2-2: Strikes out swinging
|
|
Batting: RHB Jerry Keller
|
0-0: Ball 1-0: Called Strike 1-1: Fly out, F7 (Flyball, 78S, EV 76.9 MPH)
|
|
Batting: RHB Barry Evans
|
0-0: Ball Carney Lansford is caught stealing 2nd base 2-4
|
| Top of the 5th over - 1 run, 2 hits, 0 errors, 0 left on base; Los Angeles 4 - Atlanta 2 |
| BOTTOM OF THE 5TH |
|
Atlanta Braves batting - Pitching for Los Angeles Dodgers : LHP Dave Righetti
|
|
Batting: RHB Craig Kusick
|
0-0: Called Strike 0-1: Bunted foul 0-2: Strikes out swinging
|
|
Batting: LHB Matt Winters
|
0-0: Foul Ball, location: 2F 0-1: Called Strike 0-2: Foul Ball, location: 2F 0-2: Strikes out swinging
|
|
Batting: RHB John Freitas
|
0-0: Called Strike 0-1: Ball 1-1: SINGLE (Line Drive, 8LS, EV 100.6 MPH)
|
|
Batting: LHB Randy Lerch
|
0-0: Ball 1-0: Swinging Strike 1-1: Swinging Strike 1-2: Strikes out swinging
|
| Bottom of the 5th over - 0 runs, 1 hit, 0 errors, 1 left on base; Los Angeles 4 - Atlanta 2 |
| TOP OF THE 6TH |
|
Los Angeles Dodgers batting - Pitching for Atlanta Braves : LHP Randy Lerch
|
|
Batting: RHB Barry Evans
|
0-0: SINGLE (Flyball, 89S, EV 89.4 MPH)
|
|
Batting: LHB Darren Daulton
|
0-0: Ball 1-0: Ball 2-0: Swinging Strike 2-1: Fly out, F7 (Flyball, 7S, EV 84.4 MPH)
|
|
Batting: SHB Spike Owen
|
0-0: Ball 1-0: Ball 2-0: Fly out, F5 (Popup, 56S, EV 80.6 MPH)
|
|
Batting: RHB Roberto Reyes
|
0-0: Ball Barry Evans is caught stealing 2nd base 2-4
|
| Top of the 6th over - 0 runs, 1 hit, 0 errors, 0 left on base; Los Angeles 4 - Atlanta 2 |
| BOTTOM OF THE 6TH |
|
Atlanta Braves batting - Pitching for Los Angeles Dodgers : LHP Dave Righetti
|
|
Batting: RHB Gil Flores
|
0-0: Ball 1-0: Called Strike 1-1: Foul Ball, location: 2F 1-2: Foul Ball, location: 2F 1-2: Foul Ball, location: 2F 1-2: Foul Ball, location: 2F 1-2: SINGLE (Groundball, P, EV 83.8 MPH) (infield hit)
|
|
Batting: LHB Joe L Morgan
|
0-0: Ball 1-0: Ball 2-0: Fly out, F7 (Flyball, 7, EV 78.8 MPH)
|
|
Batting: SHB Tony Fernandez
|
0-0: Called Strike 0-1: Foul Ball, location: 2F 0-2: Ball 1-2: Ball 2-2: Foul Ball, location: 2F 2-2: Ball 3-2: Base on Balls Gil Flores to second
|
|
Batting: LHB Leon Durham
|
0-0: Foul Ball, location: 2F 0-1: Foul Ball, location: 2F 0-2: Strikes out swinging
|
|
Batting: LHB Mike Scioscia
|
0-0: Called Strike 0-1: Ball 1-1: Foul Ball, location: 2F 1-2: Foul Ball, location: 2F 1-2: Ball 2-2: Foul Ball, location: 2F 2-2: Foul Ball, location: 2F 2-2: Foul Ball, location: 2F 2-2: Foul Ball, location: 2F 2-2: Ball 3-2: Base on Balls Gil Flores to third Tony Fernandez to second
|
|
Batting: RHB Craig Kusick
|
0-0: Ball 1-0: Ball 2-0: Called Strike 2-1: Foul Ball, location: 2F 2-2: Ball 3-2: Base on Balls Gil Flores scores Tony Fernandez to third Mike Scioscia to second
|
|
Batting: LHB Matt Winters
|
0-0: Ball 1-0: Swinging Strike 1-1: Swinging Strike 1-2: Ball 2-2: Foul Ball, location: 2F 2-2: Strikes out looking
|
| Bottom of the 6th over - 1 run, 1 hit, 0 errors, 3 left on base; Los Angeles 4 - Atlanta 3 |
| TOP OF THE 7TH |
|
Los Angeles Dodgers batting - Pitching for Atlanta Braves : LHP Randy Lerch
|
|
Batting: RHB Roberto Reyes
|
0-0: Called Strike 0-1: Fly out, F8 (Flyball, 8LM, EV 90.0 MPH)
|
|
Batting: LHB Dave Righetti
|
0-0: Called Strike 0-1: Ball 1-1: Ball 2-1: Ground out 4-3 (Groundball, 34, EV 85.0 MPH)
|
|
Batting: RHB Billy Sample
|
0-0: Called Strike 0-1: Ball 1-1: Called Strike 1-2: Fly out, F7 (Flyball, 78S, EV 83.8 MPH)
|
| Top of the 7th over - 0 runs, 0 hits, 0 errors, 0 left on base; Los Angeles 4 - Atlanta 3 |
| BOTTOM OF THE 7TH |
|
Atlanta Braves batting - Pitching for Los Angeles Dodgers : LHP Dave Righetti
|
|
Batting: RHB John Freitas
|
0-0: Called Strike 0-1: Ball 1-1: Foul Ball, location: 2F 1-2: Ball 2-2: Ball 3-2: Strikes out swinging
|
|
Pinch Hitting: RHB Guy Sularz
|
0-0: Ball 1-0: Swinging Strike 1-1: Ball 2-1: Fly out, F8 (Line Drive, 8RD, EV 89.4 MPH)
|
|
Batting: RHB Gil Flores
|
0-0: Called Strike 0-1: Ground out 5-3 (Groundball, 56S, EV 88.8 MPH)
|
| Bottom of the 7th over - 0 runs, 0 hits, 0 errors, 0 left on base; Los Angeles 4 - Atlanta 3 |
| TOP OF THE 8TH |
|
Los Angeles Dodgers batting - Pitching for Atlanta Braves : LHP Randy Lerch
|
|
Pitching: RHP Charlie Lea
|
|
|
Batting: RHB Carney Lansford
|
0-0: Ball 1-0: Fly out, F8 (Flyball, 8RD, EV 81.3 MPH)
|
|
Batting: RHB Dick Davis
|
0-0: Called Strike 0-1: Called Strike 0-2: Strikes out swinging
|
|
Batting: RHB Jerry Keller
|
0-0: Ball 1-0: Foul Ball, location: 2F 1-1: Ground out 5-3 (Groundball, 56, EV 84.4 MPH)
|
| Top of the 8th over - 0 runs, 0 hits, 0 errors, 0 left on base; Los Angeles 4 - Atlanta 3 |
| BOTTOM OF THE 8TH |
|
Atlanta Braves batting - Pitching for Los Angeles Dodgers : LHP Dave Righetti
|
|
Batting: LHB Joe L Morgan
|
0-0: Ball 1-0: Called Strike 1-1: Foul Ball, location: 2F 1-2: SINGLE (Groundball, 56D, EV 101.9 MPH)
|
|
Pitching: RHP Steve Foucault
|
|
|
Batting: SHB Tony Fernandez
|
0-0: Ball 1-0: SINGLE (Line Drive, 9LM, EV 87.5 MPH) Joe L Morgan to second Runner from 2nd tries for 3rd, SAFE, throw by RF made to third
|
|
Batting: LHB Leon Durham
|
0-0: Fly out, F8 (Line Drive, 8RD, EV 101.3 MPH) Runner from 3rd tags up, SCORES, throw by CF
|
|
Batting: LHB Mike Scioscia
|
0-0: Ball 1-0: Ball 2-0: Ball 3-0: Base on Balls Tony Fernandez to second
|
|
Batting: RHB Craig Kusick
|
0-0: Ball 1-0: Sac Bunt to P - play at first, batter OUT! 1-4 Tony Fernandez to third Mike Scioscia to second
|
|
Batting: LHB Matt Winters
|
0-0: SINGLE (Line Drive, 8LS, EV 93.8 MPH) Tony Fernandez scores Mike Scioscia to third Runner from 3rd tries for Home, SAFE, throw by CF to home
|
|
Batting: RHB John Freitas
|
0-0: Called Strike 0-1: Foul Ball, location: 2F 0-2: Ball 1-2: Foul Ball, location: 2F 1-2: Strikes out swinging
|
| Bottom of the 8th over - 3 runs, 3 hits, 0 errors, 1 left on base; Los Angeles 4 - Atlanta 6 |
| TOP OF THE 9TH |
|
Los Angeles Dodgers batting - Pitching for Atlanta Braves : RHP Charlie Lea
|
|
Now at 2B: UL Washington
|
|
|
Batting: RHB Barry Evans
|
0-0: Called Strike 0-1: Foul Ball, location: 2F 0-2: Ball 1-2: Fly out, F8 (Flyball, 8LS, EV 95.6 MPH)
|
|
Batting: LHB Darren Daulton
|
0-0: Ball 1-0: Ball 2-0: Foul Ball, location: 2F 2-1: Ground out 4-3 (Groundball, 34D, EV 103.1 MPH)
|
|
Batting: SHB Spike Owen
|
0-0: Called Strike 0-1: Fly out, F9 (Flyball, 9LS, EV 96.9 MPH)
|
| Top of the 9th over - 0 runs, 0 hits, 0 errors, 0 left on base; Los Angeles 4 - Atlanta 6 |
|